 Dungeon Crawl Stone Soup version 0.27.1 (webtiles) character file.

Game seed: 17701628315314336406

37 ZARRMARR the Insei (level 3, 0/23 HPs)
             Began as an Octopode Transmuter on Aug 29, 2021.
             Slain by an adder (4 damage)
             ... on level 2 of the Dungeon.
             The game lasted 00:06:36 (1485 turns).

ZARRMARR the Insei (Octopode Transmuter)            Turns: 1485, Time: 00:06:37

Health: 0/23       AC:  1    Str:  9    XL:     3   Next: 41%
Magic:  4/6        EV: 13    Int: 16    God:
Gold:   63         SH:  0    Dex: 12    Spells: 5/6 levels left

rFire    + . .     SeeInvis +     - Unarmed
rCold    + . .     Faith    .   (no shield)
rNeg     . . .     Spirit   .   (helmet currently unavailable)
rPois    +         Reflect  .   (no amulet)
rElec    +         Harm     .   c - ring of see invisible
rCorr    +         Rampage  .   (no ring)
Will     .....                  (no ring)
Stlth    +++.......             (no ring)
HPRegen  0.07/turn              (no ring)
MPRegen  0.10/turn              (no ring)
                                (no ring)
                                (no ring)

@: lethally poisoned (0 -> -5), appendages (expiring), resistant, attractive,
very slightly contaminated
A: tentacle spike 3, almost no armour, amphibious, 8 rings, camouflage 1,
gelatinous body 1, (nimble swimmer 1), tentacles
a: End Transformation


You were on level 2 of the Dungeon.
One of your tentacles had grown a beastly spike.
You visited 1 branch of the dungeon, and saw 2 of its levels.

You collected 63 gold pieces.

Inventory:

Jewellery
 c - a ring of see invisible (left tentacle)
Potions
 a - a potion of invisibility {unknown}
 b - a potion of resistance


   Skills:
 + Level 1.0 Fighting
 + Level 2.3 Dodging
 + Level 1.2 Stealth
 + Level 3.3 Unarmed Combat
 + Level 2.4 Spellcasting
 + Level 2.4 Transmutations


You had 5 spell levels left.
You knew the following spells:

 Your Spells              Type           Power      Damage    Failure   Level
a - Beastly Appendage     Tmut           18%        N/A       8%          1

Your spell library contained the following spells:

 Spells                   Type           Power      Damage    Failure   Level
 Wereblood                Tmut           9%         N/A       11%         2
 Sublimation of Blood     Necr           0%         N/A       30%         2
 Spider Form              Tmut/Pois      2%         N/A       36%         3
 Ice Form                 Ice/Tmut       5%         N/A       77%         4
 Summon Hydra             Summ           0%         N/A       100%        7


Dungeon Overview and Level Annotations

Branches:
Dungeon (2/15)

Altars:


Innate Abilities, Weirdness & Mutations

One of your tentacles has grown a beastly spike.
You cannot wear most types of armour.
You are amphibious.
You can wear up to eight rings at the same time.
Your skin changes colour to match your surroundings (Stealth+).
Your rubbery body absorbs attacks. (AC +1, EV +1)
((You are camouflaged near water. (Stealth+)))
You have tentacles for arms and can constrict up to eight enemies at once.


Message History

Your transformation is almost over.
Your tentacle spike disappears.
Found 16 gold pieces and 24 stones.
Found a book of Maledictions.
An adder comes into view.
Found a leather armour.
Found a stone staircase leading down.
You see here 16 gold pieces.
You now have 63 gold pieces (gained 16).
The adder hisses angrily.
Casting: Beastly Appendage (safe; 8% risk of failure)
Confirm with . or Enter, or press ? or * to list all spells.
You miscast Beastly Appendage.
You are very lightly contaminated with residual magic.
Nothing appears to happen.
Casting: Beastly Appendage (safe; 8% risk of failure)
Confirm with . or Enter, or press ? or * to list all spells.
One of your tentacles grows a vicious spike.
The adder bites you.
You are poisoned.
The adder poisons you!
You tentacle-slap the adder but do no damage.
You grab the adder.
You pierce the adder, but do no damage.
You constrict the adder.
You feel sick. The adder bites you. x2
You tentacle-slap the adder but do no damage.
You squeeze the adder.
The adder is lightly wounded.
Your transformation is almost over.
You constrict the adder.
You feel sick. The adder bites you.
You are more poisoned.
The adder poisons you!
It was a potion of resistance.
You feel protected.
You constrict the adder.
You feel sick. The adder bites you.
* * * LOW HITPOINT WARNING * * *
It was a potion of attraction.
You feel attractive to monsters.
You constrict the adder.
* * * LOW HITPOINT WARNING * * *
You feel sick. The adder bites you.
You die...

....................
###..................
.##.................
.##......#.#.......#
...........#.......#
.......###.##......#
#....#..##..#.....(#####
.....##.###..#.#...(....
......#.####.#..@S.....#
......................##
....##..#######.#.....#
.#.## ..# .......##
....# . #.###...# ......
..#ยง#...# .....##
.[.###..... ......
.........:.> .....#


You could see an adder.

Vanquished Creatures
  A worm (D:2)
  5 endoplasms
  A giant cockroach (D:1)
  4 goblins
  6 hobgoblins
  4 ball pythons
  2 bats (D:1)
  6 frilled lizards (D:1)
  A kobold (D:1)
  4 rats
34 creatures vanquished.

Notes
Turn   | Place    | Note
-------+----------+-------------------------------------------
     0 | D:1      | ZARRMARR the Octopode Transmuter began the quest for the
                  | Orb.
     0 | D:1      | Reached XP level 1. HP: 13/13 MP: 3/3
   478 | D:1      | Reached XP level 2. HP: 18/18 MP: 3/5
   915 | D:1      | Reached XP level 3. HP: 23/23 MP: 3/6
  1061 | D:1      | Reached skill level 1 in Stealth
  1485 | D:2      | Slain by an adder

Illustrated notes

Levels and vault maps discovered:
D:1:      erik_arrival_cave_to_civilisation [erik_arrival_cave_to_hall],
          layout_basic, hangedman_decor_push, serial_bayou_pond_e
D:2:      layout_rooms, grunt_ministairs_13, feat_on_display

Skill      XL: |  1  2  3 |
---------------+----------+-----
Stealth        | 1 |  1.2
Fighting       | |  1.0
Dodging        | |  2.3
Unarmed Combat | |  3.3
Spellcasting   | |  2.4
Transmutations | |  2.4

Action                   || total
-------------------------++-------
Melee: Unarmed           ||    67
       Constrict         ||    19
       Kick              ||    16
       Tentacles         ||    11
       Punch             ||     1
 Cast: Beastly Appendage ||    27
  Use: Scroll            ||     3
       Potion            ||     2
 Stab: Sleeping          ||     6
Armor: Skin              ||     4
Dodge: Dodged            ||    37
